Map: [ESL] Goldenaura

Players

Oliveira - Winner!

  • Race: Terran Terran
  • Spawn Location: 5:00

Lemon

  • Race: Protoss Protoss
  • Spawn Location: 12:00

Event: ESL SC2 Masters 2024 Spring (Regional)

VOD

Have the link to the VOD?

Description

Time

  • Played on: April 26, 2024, 5:21 a.m.
  • Length: 17:47

All games in this series

Show
View Real Time Build Order
Export as new Build Order

Oliveira Terran - Winner!

Build Orders: Liberator Opening 

Get SALT Encoding   

  12  0:00  SCV  
  13  0:12  SCV  
  14  0:17  Supply Depot  
  14  0:24  SCV  
  15  0:38  SCV  
  15  0:40  Barracks  
  16  0:44  Refinery  
  16  0:50  SCV  
  17  1:03  SCV  
  18  1:15  SCV  
  19  1:27  Orbital Command, Marine  
  20  1:41  Command Center  
  20  1:46  Barracks Reactor  
  20  1:52  Supply Depot  
  20  1:54  SCV  
  21  2:06  SCV  
  21  2:07  Factory  
  22  2:13  Refinery  
  22  2:18  SCV  
  22  2:22  Marine x2  
  25  2:30  SCV  
  26  2:40  Marine x2  
  26  2:42  SCV  
  31  2:51  Hellion  
  31  2:52  Starport  
  31  2:54  Orbital Command  
  31  2:57  SCV  
  32  2:59  Marine  
  32  3:00  Orbital Command  
  32  3:02  Marine  
  34  3:12  SCV  
  35  3:14  Factory Tech Lab  
  35  3:24  SCV  
  35  3:26  SCV  
  37  3:29  Liberator  
  37  3:31  Supply Depot  
  37  3:33  Siege Tank  
  43  3:36  SCV  
  43  3:38  Bunker  
  44  3:41  SCV  
  44  3:43  Marine  
  46  3:49  Supply Depot  
  46  3:51  Marine  
  46  3:52  SCV  
  46  3:54  SCV  
  47  4:00  Barracks  
  47  4:05  SCV  
  47  4:06  Barracks  
  47  4:08  SCV  
  49  4:11  Siege Tank  
  49  4:14  Starport Tech Lab  
  49  4:15  Marine  
  53  4:17  SCV  
  53  4:20  SCV, Marine  
  53  4:24  Engineering Bay  
  56  4:28  Supply Depot  
  56  4:29  SCV  
  57  4:32  SCV  
  57  4:33  Marine  
  59  4:41  SCV, Marine  
  59  4:42  Refinery  
  61  4:49  Siege Tank  
  61  4:50  SCV  
  61  4:51  Supply Depot, Marine  
  66  4:56  Terran Infantry Weapons Level 1  
  66  4:57  SCV, Marine  
  68  5:01  Barracks Tech Lab  
  68  5:02  Stimpack  
  68  5:03  Marine  
  68  5:04  SCV  
  70  5:07  Supply Depot  
  70  5:12  SCV, Marine  
  72  5:14  Refinery  
  72  5:15  Marine  
  72  5:16  SCV  
  72  5:18  Supply Depot  
  74  5:21  Combat Shield  
  74  5:22  Marine x2  
  74  5:24  SCV  
  74  5:27  Starport Reactor  
  77  5:29  SCV  
  77  5:31  Marine  
  77  5:33  Marine  
  80  5:36  SCV  
  80  5:37  Siege Tank  
  80  5:42  Marauder, Marine  
  87  5:43  SCV  
  87  5:47  Supply Depot  
  87  5:48  Supply Depot, Marine  
  89  5:52  Marauder  
  91  5:59  Marine  
  91  6:02  SCV  
  93  6:06  Marine  
  93  6:08  Medivac x2  
  93  6:09  Supply Depot, Marauder  
  100  6:14  Marauder  
  100  6:17  Marine  
  100  6:18  Siege Tank  
  106  6:24  Marine  
  107  6:30  Marauder  
  109  6:34  Supply Depot, Command Center  
  109  6:35  Marauder  
  109  6:36  Marine  
  112  6:51  Marauder  
  112  6:53  Terran Infantry Armor Level 1, Marine  
  115  6:54  Siege Tank  
  115  7:00  Supply Depot  
  117  7:13  Marine x2  
  117  7:14  Marauder  
  118  7:17  Marine  
  119  7:29  Barracks  
  105  7:31  Barracks, Marine x2  
  105  7:35  Marauder  
  105  7:36  Marauder  
  93  7:40  Viking x2  
  93  7:41  Siege Tank  
  96  7:47  Orbital Command  
  96  7:48  SCV x2  
  96  7:49  Marine  
  99  7:51  Marine  
  100  8:00  Marauder x2  
  100  8:01  SCV x2  
  100  8:04  Armory, Engineering Bay  
  106  8:10  Viking x2  
  110  8:15  Marine x2  
  110  8:19  Barracks Reactor  
  111  8:21  Orbital Command  
  111  8:22  Marauder  
  111  8:23  Marauder  
  115  8:28  Siege Tank  
  115  8:29  SCV x2  
  120  8:34  Marine x2  
  120  8:35  Barracks Tech Lab  
  120  8:40  Medivac x2  
  126  8:41  SCV  
  126  8:44  SCV, Marauder  
  122  8:53  Marauder, Marine x2  
  104  8:56  Marine x2  
  104  8:57  Marauder  
  90  9:05  Siege Tank, Marine  
  90  9:07  Terran Infantry Armor Level 2  
  90  9:08  SCV  
  90  9:09  SCV  
  96  9:10  SCV  
  96  9:11  Marine x2  
  96  9:15  Terran Infantry Weapons Level 2, Marauder  
  96  9:16  Marine x2  
  103  9:21  Marauder  
  103  9:23  SCV x3  
  108  9:28  Marine, Marauder  
  111  9:34  Marine  
  111  9:35  SCV, Marine  
  111  9:36  Marauder, Marine  
  115  9:43  Marauder  
  115  9:44  Command Center  
  117  9:48  Ghost Academy  
  117  9:49  Refinery x2, Marauder, Marine  
  120  9:55  Marine x2  
  120  9:57  Supply Depot  
  120  9:58  Marauder  
  120  9:59  Marine  
  85  10:00  Viking x2  
  125  10:04  Marauder  
  131  10:11  Marauder  
  132  10:15  Marine x2  
  132  10:16  Supply Depot  
  132  10:17  Marine x2  
  132  10:19  Marauder  
  132  10:21  Supply Depot  
  138  10:25  Marauder  
  139  10:31  Ghost  
  139  10:32  SCV, Medivac  
  139  10:33  SCV x2  
  145  10:38  Barracks x2, Marine  
  145  10:39  Marine  
  145  10:40  Ghost  
  145  10:41  Barracks  
  145  10:42  Marine x2  
  151  10:46  Ghost  
  151  10:47  SCV x2, Missile Turret  
  151  10:48  SCV  
  156  10:56  Marine  
  156  10:58  Marine  
  156  10:59  SCV  
  156  11:01  SCV  
  156  11:04  Ghost  
  159  11:07  Marine  
  159  11:08  Ghost  
  159  11:10  Marine  
  159  11:11  SCV, Personal Cloaking  
  166  11:13  Sensor Tower  
  166  11:15  Supply Depot  
  166  11:16  SCV  
  166  11:19  Planetary Fortress  
  166  11:21  Marine  
  167  11:26  Barracks Tech Lab  
  167  11:27  Barracks Tech Lab  
  167  11:28  Missile Turret, Marine x2  
  167  11:29  Concussive Shells  
  169  11:33  Missile Turret  
  169  11:39  SCV x2  
  171  11:42  Marauder  
  171  11:43  Marauder  
  173  11:48  Marauder x3  
  173  11:49  Terran Infantry Armor Level 3, Marine  
  173  11:53  Terran Infantry Weapons Level 3  
  180  11:55  Barracks Tech Lab  
  180  12:03  Marauder  
  180  12:05  Marine x2, Marauder  
  186  12:09  Marauder x2, Terran Ship Weapons Level 1  
  186  12:13  Command Center, Marauder  
  186  12:14  Marine x2  
  193  12:23  Marine  
  193  12:28  Ghost, Marauder  
  192  12:30  Marauder  
  192  12:32  Marine x2  
  196  12:43  Marine  
  196  12:48  Command Center  
  196  12:55  Marauder  
  196  13:00  Marine  
  196  13:01  Marine x2  
  196  13:03  Marauder, Marine  
  196  13:06  Marine  
  196  13:11  Marine  
  196  13:13  Marauder  
  196  13:14  Marauder  
  196  13:17  Marauder  
  196  13:18  Marine  
  196  13:19  Marine x2  
  183  13:20  Marine  
  183  13:24  Marauder x2  
  183  13:25  Medivac x2  
  163  13:29  Marine  
  164  13:34  Marine  
  164  13:35  Marauder  
  164  13:36  Refinery, Marine  
  164  13:37  Refinery, Command Center, Marine x2  
  164  13:38  Marine, Marauder  
  172  13:45  Marine  
  172  13:46  Marauder  
  172  13:47  Marine  
  174  13:53  Marauder  
  174  13:54  Marine x3  
  160  13:56  Marine  
  160  13:57  Marauder  
  160  13:59  Marauder  
  156  14:03  Marine  
  156  14:06  Orbital Command  
  156  14:07  Terran Ship Weapons Level 2  
  160  14:10  Fusion Core  
  160  14:12  Starport, Marine x3  
  160  14:14  Medivac x2, Marauder, Marine  
  170  14:18  Marauder  
  170  14:19  Ghost  
  170  14:20  Planetary Fortress, Marine  
  170  14:21  Marauder  
  170  14:23  Marauder  
  175  14:30  Marine x2  
  175  14:35  Marauder  
  175  14:38  Marauder  
  175  14:43  Ghost  
  175  14:44  Marauder  
  180  14:46  Viking x2  
  180  14:50  Ghost  
  180  14:52  Marauder  
  184  15:03  Marauder, Marine x2  
  185  15:15  Marine  
  185  15:17  Marauder x2, Marine x3  
  185  15:19  Marauder  
  195  15:25  Marauder, Marine x2  
  175  15:33  Marine  
  175  15:34  Ghost  
  173  15:35  Marauder  
  173  15:36  Marine  
  173  15:38  Marine  
  173  15:39  Ghost  
  173  15:40  Marine  
  174  15:46  Ghost  
  169  15:52  Marine  
  169  15:53  Marine x2  
  169  15:56  Ghost, Marauder, Marine  
  149  15:58  Starport Reactor, Marine, Viking x2  
  149  16:03  Marine  
  155  16:05  Nuke  
  155  16:07  Ghost  
  155  16:10  Marine  
  157  16:15  Marauder  
  157  16:16  Marauder  
Show
View Real Time Build Order
Export as new Build Order

Lemon Protoss 

Build Orders: 1 Gate Expand, Blink Stalkers, Colossus Rush 

Get SALT Encoding   

  12  0:00  Probe  
  13  0:12  Probe  
  14  0:17  Pylon  
  14  0:24  Probe (Chrono Boost)  
  15  0:36  Probe (Chrono Boost)  
  15  0:37  Gateway  
  16  0:44  Probe (Chrono Boost)  
  16  0:46  Assimilator  
  17  0:51  Probe  
  18  1:03  Probe  
  19  1:15  Probe  
  20  1:24  Cybernetics Core  
  22  1:32  Nexus  
  20  1:36  Probe  
  21  1:42  Pylon  
  21  1:48  Probe  
  21  1:51  Assimilator  
  22  1:57  Adept (Chrono Boost)  
  22  2:00  Warp Gate (Chrono Boost), Probe  
  25  2:12  Probe  
  26  2:23  Twilight Council  
  26  2:24  Probe  
  27  2:32  Stalker  
  30  2:37  Probe (Chrono Boost)  
  30  2:40  Gateway  
  30  2:46  Probe (Chrono Boost)  
  32  2:54  Probe (Chrono Boost)  
  32  2:55  Probe (Chrono Boost)  
  32  2:56  Blink (Chrono Boost)  
  33  3:00  Probe (Chrono Boost)  
  33  3:01  Probe (Chrono Boost)  
  35  3:12  Probe  
  36  3:13  Probe  
  37  3:24  Probe  
  37  3:25  Probe  
  39  3:28  Robotics Facility  
  39  3:35  Pylon  
  39  3:37  Probe x2  
  39  3:41  Stalker x2  
  45  3:49  Probe  
  45  3:53  Probe  
  47  3:58  Nexus  
  47  4:02  Probe  
  48  4:04  Stalker  
  48  4:06  Pylon  
  48  4:09  Stalker  
  52  4:12  Probe  
  52  4:14  Probe  
  54  4:18  Pylon  
  54  4:20  Observer  
  55  4:24  Assimilator x2  
  55  4:25  Probe  
  55  4:26  Probe  
  55  4:29  Stalker  
  59  4:38  Gateway x2  
  59  4:40  Probe  
  59  4:43  Observer  
  60  4:46  Probe  
  62  4:55  Probe  
  62  4:57  Pylon  
  62  4:58  Probe  
  64  5:02  Robotics Bay  
  64  5:03  Shield Battery  
  64  5:07  Probe  
  64  5:10  Probe x2  
  67  5:19  Probe  
  68  5:22  Probe x2  
  68  5:25  Gateway x2  
  68  5:26  Charge  
  70  5:31  Probe  
  70  5:34  Probe x2  
  73  5:37  Sentry  
  75  5:43  Probe  
  75  5:45  Colossus (Chrono Boost)  
  75  5:46  Probe x2  
  75  5:49  Extended Thermal Lance  
  84  5:52  Zealot x2  
  84  5:54  Gateway x2  
  88  5:57  Forge  
  88  6:04  Zealot x2, Probe  
  89  6:07  Pylon  
  89  6:08  Pylon  
  89  6:10  Pylon  
  93  6:16  Pylon  
  93  6:17  Shield Battery  
  92  6:27  Colossus (Chrono Boost)  
  92  6:31  Stalker x2  
  102  6:33  Stalker x3  
  102  6:36  Stalker  
  110  6:43  Pylon  
  108  6:50  Zealot  
  108  6:53  Zealot  
  112  6:54  Zealot x2  
  112  6:56  Zealot x3  
  114  7:08  Colossus (Chrono Boost)  
  114  7:11  Zealot x2  
  114  7:15  Pylon, Probe x2  
  121  7:17  Pylon  
  121  7:18  Zealot x2  
  125  7:29  Zealot x4  
  85  7:37  Zealot x2  
  85  7:42  Stalker x2  
  89  7:44  Probe  
  89  7:45  Probe x2  
  89  7:47  Protoss Ground Weapons Level 1 (Chrono Boost)  
  92  7:56  Observer  
  92  7:58  Zealot x5  
  102  8:00  Sentry  
  105  8:08  Nexus  
  105  8:10  Sentry  
  105  8:11  Sentry  
  109  8:20  Zealot x5  
  109  8:25  Warp Prism (Chrono Boost)  
  121  8:31  Zealot  
  123  8:34  Pylon  
  123  8:35  Zealot x2  
  123  8:40  Probe x3  
  122  8:51  Zealot x5  
  106  9:00  Zealot x3  
  106  9:01  Disruptor (Chrono Boost), Probe x2  
  89  9:10  Probe  
  89  9:12  Stalker  
  89  9:13  Probe x2  
  89  9:16  Stalker  
  96  9:18  Stalker  
  96  9:20  Shield Battery  
  98  9:24  Stalker  
  98  9:26  Observer (Chrono Boost), Stalker  
  103  9:32  Stalker  
  103  9:33  Stalker  
  103  9:40  Stalker x3  
  103  9:43  Protoss Ground Weapons Level 2 (Chrono Boost)  
  103  9:44  Disruptor (Chrono Boost)  
  113  9:56  Nexus  
  113  9:59  Zealot x2, Pylon  
  117  10:03  Zealot x2  
  121  10:08  Zealot x3  
  121  10:09  Observer  
  126  10:18  Stalker  
  126  10:20  Stalker x2  
  132  10:22  Observer  
  132  10:26  Forge  
  132  10:32  Pylon  
  132  10:33  Probe x4  
  132  10:35  Disruptor (Chrono Boost)  
  136  10:36  Observer, Robotics Facility  
  136  10:37  Pylon, Robotics Facility  
  136  10:42  Gateway  
  140  10:43  Gateway  
  140  10:45  Probe x4  
  144  10:57  Probe  
  144  11:00  Observer (Chrono Boost), Probe  
  144  11:03  Probe  
  144  11:04  Nexus  
  147  11:06  Zealot x5  
  147  11:09  Protoss Ground Armor Level 1 (Chrono Boost)  
  157  11:13  Zealot x3  
  157  11:15  Observer (Chrono Boost)  
  164  11:19  Gateway  
  164  11:21  Gateway  
  164  11:22  Probe x4  
  164  11:24  Probe  
  169  11:26  Disruptor x2 (Chrono Boost)  
  177  11:34  Probe x2  
  177  11:40  Disruptor (Chrono Boost)  
  171  11:51  Assimilator, Probe x3  
  171  11:52  Protoss Ground Weapons Level 3 (Chrono Boost), Probe, Assimilator  
  175  11:58  Gateway x2  
  175  12:00  Disruptor x2  
  175  12:04  Zealot x6, Gateway  
  175  12:06  Gateway  
  194  12:09  Assimilator, Observer  
  194  12:11  Assimilator, Observer  
  194  12:35  Colossus  
  199  12:58  Nexus  
  161  13:14  Zealot x5  
  161  13:15  Zealot x2  
  161  13:16  Zealot x2  
  153  13:30  Nexus  
  153  13:33  Pylon  
  153  13:34  Pylon  
  146  13:36  Pylon x2  
  146  13:37  Pylon  
  135  13:51  Nexus  
  135  13:52  Zealot x12, Observer  
  155  13:56  Colossus x2 (Chrono Boost)  
  155  14:01  Pylon  
  155  14:02  Zealot  
  165  14:04  Pylon  
  165  14:11  Probe  
  165  14:12  Probe  
  165  14:16  Probe  
  167  14:23  Probe  
  168  14:24  Probe  
  168  14:25  Pylon  
  168  14:28  Stalker, Probe  
  168  14:29  Stalker  
  174  14:34  Pylon  
  168  14:43  Probe x2  
  168  14:44  Probe  
  163  14:47  Probe  
  163  14:51  Stalker x3  
  164  14:55  Probe x2  
  164  14:56  Probe  
  164  14:59  Probe  
  164  15:03  Zealot x2, Stalker  
  160  15:25  Zealot x8  
  155  15:35  Pylon  
  155  15:37  Zealot x4  
  140  15:42  Stalker  
  118  15:56  Stalker x3  
  116  16:01  Sentry  
  116  16:02  Sentry  
  120  16:04  Templar Archives  
Tags
 
Add a new tag
Caveats
  • Supply blocks, unpowered buildings, or Contaminate may cause inaccurate times.
  • Supply counts are checked every 10 seconds.